 Dungeon Crawl Stone Soup version 0.21.1-1-g345015f (webtiles) character file.

23 inc the Scratcher (level 2, 1/12 HPs)
             Began as a Felid Transmuter on Mar 14, 2018.
             Quit the game on level 2 of the Dungeon.
             The game lasted 00:01:10 (1011 turns).

inc the Scratcher (Felid Transmuter)                Turns: 1011, Time: 00:01:10

Health: 1/12       AC:  1    Str:  6    XL:     2   Next: 75%
Magic:  6/6        EV: 18    Int: 14    God:
Gold:   101        SH:  0    Dex: 16    Spells: 4/5 levels left
                                        Lives:  0   Deaths: 0

rFire    + . .     SeeInvis +     - Unarmed
rCold    . . .     Gourm    .   (shield unavailable)
rNeg     . . .     Faith    .   (armour unavailable)
rPois    .         Spirit   .   (helmet unavailable)
rElec    .         Reflect  .   (cloak unavailable)
rCorr    .         Harm     .   (gloves unavailable)
MR       .....     Rnd*Rage +   (boots unavailable)
Stlth    ++........             (no amulet)
HPRegen  0.04/turn              (no ring)
MPRegen  0.10/turn              (no ring)

@: quick
A: very small, no armour, no weapons or thrown items, stealth, claws 1, fangs 3,
see invisible, berserk 1, carnivore, fire resistance 1, speed 1, shaggy fur 1,
slow metabolism 1, sharp paws
a: no special abilities


You were on level 2 of the Dungeon.
You were not hungry.

You visited 1 branch of the dungeon, and saw 2 of its levels.

You collected 101 gold pieces.

Inventory:

Missiles
 a - 12 arrows
Jewellery
 e - a +6 ring of intelligence {unknown}
Scrolls
 d - 2 scrolls of identify {unknown}
 f - a scroll of amnesia {unknown}
 g - a scroll of teleportation {unknown}
 h - a scroll of random uselessness {unknown}
Potions
 i - a potion of curing {unknown}
Books
 b - a book of Changes

   Spells                             Type                      Level
   a - Beastly Appendage              Transmutation                1
   b - Sticks to Snakes               Transmutation                2
   c - Spider Form                    Transmutation/Poison         3
   d - Ice Form                       Ice/Transmutation            4
   e - Blade Hands                    Transmutation                5
Comestibles
 c - 2 rations


   Skills:
 - Level 1.0 Fighting
 - Level 2.6 Dodging
 + Level 4.1 Unarmed Combat
 - Level 2.0 Spellcasting
 - Level 2.1 Transmutations


You had 4 spell levels left.
You knew the following spells:

 Your Spells              Type           Power        Failure   Level  Hunger
a - Beastly Appendage     Tmut           #.....       10%         1    ##.....


Dungeon Overview and Level Annotations

Branches:
Dungeon (2/15)

Altars:


Innate Abilities, Weirdness & Mutations

You cannot wear armour.
You are incapable of wielding weapons or throwing items.
Your paws allow you to move quietly. (Stealth)
You have sharp claws.
You have razor-sharp teeth.
You have supernaturally acute eyesight. (SInv)
You are carnivorous and can eat meat at any time.
You cover ground quickly.
You are covered in fur. (AC +1)
You have a slow metabolism.
Your sharp claws are effective at attacking unaware monsters.
You tend to lose your temper in combat.
Your flesh is heat resistant. (rF+)


Message History

You are too injured to fight recklessly!
You are too injured to fight recklessly!
You are too injured to fight recklessly!
You are too injured to fight recklessly!
You are too injured to fight recklessly!
You are too injured to fight recklessly!
You are too injured to fight recklessly!
You are too injured to fight recklessly!
You are too injured to fight recklessly!
You are too injured to fight recklessly!
You are too injured to fight recklessly!
You are too injured to fight recklessly!
You are too injured to fight recklessly!
You are too injured to fight recklessly!
You are too injured to fight recklessly!
You are too injured to fight recklessly!
You are too injured to fight recklessly!
You are too injured to fight recklessly!
You are too injured to fight recklessly!
Are you sure you want to abandon this character and quit the game? (Confirm with "yes".)

.# #...#.##........#
.# #.....##........#
.#####.####........#
...# #.......#######
.#.########### ###
.......# .. ...###.#
.# ##.#
#.##########.######
#.#
#.##..(....@w......
#.#
#.##.#######.......
..# #....# #######
### ######


You could see a worm.

Vanquished Creatures
  A dart slug (D:1)
  A leopard gecko (D:1)
  3 goblins (D:1)
  5 hobgoblins (D:1)
  3 bats (D:1)
  A frilled lizard (D:1)
  4 kobolds (D:1)
  3 rats
21 creatures vanquished.

Notes
Turn   | Place    | Note
-------+----------+-------------------------------------------
     0 | D:1      | inc the Felid Transmuter began the quest for the Orb.
     0 | D:1      | Reached XP level 1. HP: 9/9 MP: 4/4
   193 | D:1      | Gained mutation: Your muscles are strong. (Str +2) [potion of mutation]
   193 | D:1      | Gained mutation: You are clumsy. (Dex -2) [potion of mutation]
   193 | D:1      | Gained mutation: Your system is resistant to poisons. (rPois) [potion of mutation]
   194 | D:1      | Reached XP level 2. HP: 3/12 MP: 6/6
   553 | D:1      | Reached skill level 4 in Unarmed Combat
   960 | D:2      | Lost mutation: Your system is resistant to poisons. (rPois) [potion of mutation]
   960 | D:2      | Lost mutation: Your muscles are strong. (Str +2) [potion of mutation]
   960 | D:2      | Lost mutation: You are clumsy. (Dex -2) [potion of mutation]
   960 | D:2      | Gained mutation: You tend to lose your temper in combat. [potion of mutation]
   960 | D:2      | Gained mutation: Your flesh is heat resistant. (rF+) [potion of mutation]
  1011 | D:2      | Quit the game

Skill      XL: |  1  2 |
---------------+-------+-----
Unarmed Combat | 4 |  4.1
Fighting       | |  1.0
Dodging        | |  2.6
Spellcasting   | |  2.0
Transmutations | |  2.1

Action                   || total
-------------------------++-------
Melee: Unarmed           ||    59
       Bite              ||     5
  Use: Potion            ||     3
 Stab: Sleeping          ||     4
Armor: Skin              ||     2
Dodge: Dodged            ||    40
